 Dungeon Crawl Stone Soup version 0.30-a0-862-g1aabd4f9c5 (webtiles) character file.

Game seed: 9183455522896720456

319 Grim the Cleaver (level 6, -2/60 (76) HPs)
             Began as a Minotaur Berserker on Mar 9, 2023.
             Was a Believer of Trog.
             Slain by Terence
             ... wielding a +5 flail of draining
              (4 damage)
             ... on level 2 of the Dungeon.
             The game lasted 00:02:44 (1439 turns).

Grim the Cleaver (Minotaur Berserker)               Turns: 1439, Time: 00:02:45

HP:   -2/60 (76)    AC:  6    Str: 23    XL:     6   Next: 21%
MP:   5/5           EV: 11    Int:  4    God:    Trog [**....]
Gold: 104           SH:  0    Dex: 10    Spells: 5/5 levels left

rFire   . . .      SeeInvis .    a - +0 hand axe
rCold   . . .      Faith    .    (no shield)
rNeg    . . .      Spirit   .    e - +0 ring mail
rPois   .          Reflect  .    (helmet restricted)
rElec   .          Rampage  .    d - scarf {repulsion}
rCorr   .                        l - +0 pair of gloves
Will    .....                    (no boots) Stlth
                                 (no amulet)
HPRegen 0.30/turn                (no ring)
MPRegen 0.09/turn                (no ring)

@: berserking, heavily drained, repel missiles, very quick
A: horns 2, retaliatory headbutt
a: Renounce Religion, Berserk, Trog's Hand


You were on level 2 of the Dungeon.
You worshipped Trog.
Trog was pleased with you.
You visited 1 branch of the dungeon, and saw 2 of its levels.

You collected 104 gold pieces.

Inventory:

Hand Weapons
 a - a +0 hand axe (weapon)
Missiles
 p - 2 javelins (quivered)
Armour
 b - a +0 animal skin
 d - a scarf of repulsion (worn)
 e - a +0 ring mail (worn)
 l - a +0 pair of gloves (worn)
Jewellery
 t - a ring of flight
Wands
 r - a wand of digging (5)
Scrolls
 c - a scroll of noise {unknown}
 g - 2 scrolls of identify {unknown}
 h - a scroll of teleportation {unknown}
 i - a scroll of enchant weapon {unknown}
 j - a scroll of immolation {unknown}
 k - 2 scrolls of poison {unknown}
 o - a scroll of brand weapon {unknown}
 q - a scroll of fear {unknown}
 v - a scroll of magic mapping {unknown}
Potions
 f - a potion of degeneration {unknown}
 m - a potion of resistance {unknown}
 n - a potion of heal wounds {unknown}
 s - a potion of curing {unknown}
 u - a potion of berserk rage {unknown}


   Skills:
 - Level 3.6 Fighting
 + Level 8.5 Axes
 - Level 2.4 Armour
 - Level 2.1 Dodging


You had 5 spell levels left.
You didn't know any spells.
Your spell library was empty.

Dungeon Overview and Level Annotations

Branches:
Dungeon (2/15)

Altars:

Annotations:
D:2 Terence


Innate Abilities, Weirdness & Mutations

You have a pair of horns on your head.
You reflexively headbutt those who attack you in melee.


Message History

You now have 104 gold pieces (gained 12).
v - a scroll labelled IFIEGI DUPSAK Terence the Incautious comes into view.
He is wielding a +5 flail of draining.
Terence shouts!
Terence is nearby!
Terence hits you with a +5 flail of draining.
You feel drained.
You hit Terence but do no damage.
Terence hits you with a +5 flail of draining.
You feel drained.
You hit Terence. You headbutt Terence, but do no damage.
Terence is lightly wounded.
Terence hits you with a +5 flail of draining!
* * * LOW HITPOINT WARNING * * *
You feel drained.
* * * LOW HITPOINT WARNING * * *
You are too injured to fight recklessly!
You fail to use your ability.
Terence hits you with a +5 flail of draining.
* * * LOW HITPOINT WARNING * * *
You feel drained.
You hit Terence but do no damage.
Terence is lightly wounded.
Terence hits you with a +5 flail of draining.
* * * LOW HITPOINT WARNING * * *
You feel drained.
* * * LOW HITPOINT WARNING * * *
You hit Terence but do no damage.
Terence is lightly wounded.
Terence says, "Did you write a will?
You should..."
Terence hits you with a +5 flail of draining.
* * * LOW HITPOINT WARNING * * *
You feel drained.
* * * LOW HITPOINT WARNING * * *
A red film seems to cover your vision as you go berserk!
You feel yourself moving faster!
You feel mighty!
Terence hits you with a +5 flail of draining!
* * * LOW HITPOINT WARNING * * *
You feel drained.
You die...

###......#
######.#
######.######
#..†........#
#.####)####.#
#.# #.# #.#
#.# #.# #.#
#.# #@# ..#
#@# ### #.#
#.# .# #.# .#
#.# .# #.# .#
..# .#


You could see Terence.

Vanquished Creatures
  Sigmund (D:2)
  Natasha (thrice) (D:2)
  Robin (D:2)
  An adder (D:2)
  A dart slug (D:1)
  4 ball pythons
  4 bats
  5 endoplasms (D:1)
  4 giant cockroaches
  9 goblins
  5 hobgoblins
  7 kobolds
  4 quokkas
  6 frilled lizards
  6 rats
61 creatures vanquished.

Notes
Turn   | Place    | Note
-------+----------+-------------------------------------------
     0 | D:1      | Grim the Minotaur Berserker began the quest for the Orb.
     0 | D:1      | Reached XP level 1. HP: 19/19 MP: 0/0
    76 | D:1      | Reached skill level 4 in Axes
   166 | D:1      | Reached XP level 2. HP: 26/26 MP: 1/1
   501 | D:1      | Reached skill level 5 in Axes
   503 | D:1      | Reached ** piety under Trog
   507 | D:1      | Reached XP level 3. HP: 31/31 MP: 2/2
   759 | D:2      | Noticed Sigmund
   767 | D:2      | Killed Sigmund
   768 | D:2      | Reached skill level 7 in Axes
   768 | D:2      | Reached XP level 4. HP: 39/39 MP: 3/3
   768 | D:2      | Reached XP level 5. HP: 45/45 MP: 4/4
   815 | D:2      | Noticed Natasha
   828 | D:2      | Killed Natasha
   915 | D:2      | Noticed Natasha
   928 | D:2      | Killed Natasha
   929 | D:2      | Reached skill level 8 in Axes
  1079 | D:2      | Noticed Natasha
  1084 | D:2      | Noticed Robin
  1085 | D:2      | Killed Robin
  1086 | D:2      | Reached XP level 6. HP: 51/51 MP: 5/5
  1087 | D:2      | Killed Natasha
  1430 | D:2      | Noticed Terence
  1439 | D:2      | HP: 2/63 [Terence/+5 flail of draining (10)]
  1439 | D:2      | Slain by Terence

Illustrated notes

Levels and vault maps discovered:
D:1:      enne_arrival_octagon_isle, layout_loops_cross, skrybe_limestone_x
D:2:      layout_loops_ring, minivault_4, uniq_natasha, uniq_terence,
          uniq_sigmund, uniq_robin

Skill      XL: |  1  2  3  4  5 |
---------------+----------------+-----
Axes           | 4 5 7 8 |  8.5
Fighting       | |  3.6
Armour         | |  2.4
Dodging        | |  2.1

Action                     |  1- 3 |  4- 6 || total
---------------------------+-------+-------++-------
  Melee: Hand axe          |    51 |    51 ||   102
         Headbutt          |     5 |     3 ||     8
 Invoke: Berserk           |     2 |     3 ||     5
         Trog's Hand       |     1 |     1 ||     2
 Armour: Ring mail         |    18 |    17 ||    35
  Dodge: Dodged            |    34 |    20 ||    54

Table legend: (Time is in decaauts)
 A = Elapsed time spent in this place.
 B = Non-inter-level travel time spent in this place.
 C = Inter-level travel time spent in this place.
 D = Time resting spent in this place.
 E = Time spent auto-exploring this place.
 F = Levels seen in this place.
 G = Mean time per level.
                   A        B        C        D        E       F      G
               +--------+--------+--------+--------+--------+-----+--------+
         Total |   1475 |   1454 |     21 |    227 |    935 |   2 |  737.5 |
       Dungeon |   1475 |   1454 |     21 |    227 |    935 |   2 |  737.5 |
               +--------+--------+--------+--------+--------+-----+--------+

Top non-repeatable levels by time:
     D:2: 740 daAuts
     D:1: 734 daAuts
